[ AOE2 MATCH · #461595697 ]
UnrankedGoths vs Franks
[ REPLAY ANALYSIS · EXTRACTED FROM THE RECORDED GAME ]
Feudal
10:40
Castle
14:16
Imperial
31:50
| APM avg | 30.2 |
| APM peak | 66 |
| eAPM avg | 24.0 |
| Villagers / military | 261 / 753 |
Focus
⚔️ 35.9% · 🌾 64.1%
Militia ×288 · Scout Cavalry ×164 · Huskarl ×154 · Spearman ×116 · Trade Cart ×15 · Battering Ram ×11
Feudal
13:53
Castle
18:40
Imperial
36:03
| APM avg | 27.0 |
| APM peak | 60 |
| eAPM avg | 17.9 |
| Villagers / military | 156 / 517 |
Focus
⚔️ 40.4% · 🌾 59.6%
Militia ×218 · Berserk ×146 · Trade Cart ×63 · Archer ×59 · Scorpion ×55 · Mangonel ×17
Feudal
11:52
Castle
15:32
Imperial
32:11
| APM avg | 19.2 |
| APM peak | 63 |
| eAPM avg | 13.8 |
| Villagers / military | 155 / 495 |
Focus
⚔️ 34.3% · 🌾 65.7%
Militia ×393 · Konnik ×95 · Trade Cart ×52 · Spearman ×5 · Monk ×2
Feudal
11:27
Castle
15:03
Imperial
31:05
| APM avg | 31.0 |
| APM peak | 65 |
| eAPM avg | 15.5 |
| Villagers / military | 142 / 416 |
Focus
⚔️ 36.9% · 🌾 63.1%
Hand Cannoneer ×263 · Knight ×79 · Scout Cavalry ×45 · Trade Cart ×43 · Bombard Cannon ×17 · Scorpion ×9
Feudal
11:16
Castle
21:29
Imperial
29:48
| APM avg | 19.2 |
| APM peak | 92 |
| eAPM avg | 16.1 |
| Villagers / military | 133 / 554 |
Focus
⚔️ 37.1% · 🌾 62.9%
Spearman ×376 · Jaguar Warrior ×130 · Trade Cart ×34 · Mangonel ×26 · Monk ×9 · Trebuchet (Packed) ×7
Feudal
13:54
Castle
18:09
Imperial
32:34
| APM avg | 30.8 |
| APM peak | 74 |
| eAPM avg | 18.1 |
| Villagers / military | 162 / 423 |
Focus
⚔️ 31.1% · 🌾 68.9%
Spearman ×160 · Militia ×140 · Archer ×92 · Mangonel ×30 · Monk ×1
Match map
Initial resources + every placement click. Lines = walls · curves = elevation contours. ◆ gold · ⬟ stone · ● berries · ✦ relic · ◌ wall gap
Your base· ✓ Closed at 14:16 · 0t walls · no gate
Schlumpf's base· Open — opponent sealed themselves in
Nici's base· Open — opponent sealed themselves in
PhantomLucker's base· Open — opponent sealed themselves in
DIOGENES's base· ✓ Closed at 21:29 · 58t walls · 2 gate(s)
Jorma Teräs's base· ✓ Closed at 18:09 · 57t walls · no gate
Smoothed initial terrain · ◌ = detected wall gap · hover for details
Inputs per minute
— 2faced - - Schlumpf
Build order — 2faced
First 150 of 788 actions detected
| 0:01 | Create | Villager (Male) |
| 0:01 | Create | Villager (Male) |
| 0:01 | Create | Villager (Male) |
| 0:02 | Build | House |
| 0:04 | Build | House |
| 0:13 | Create | Villager (Male) |
| 1:26 | Create | Villager (Male) |
| 1:53 | Build | Lumber Camp |
| 1:55 | Create | Villager (Male) |
| 2:21 | Create | Villager (Male) |
| 2:56 | Create | Villager (Male) |
| 2:56 | Create | Villager (Male) |
| 3:44 | Create | Villager (Male) |
| 3:54 | Build | House |
| 4:13 | Create | Villager (Male) |
| 4:23 | Build | Mill |
| 4:38 | Create | Villager (Male) |
| 4:38 | Create | Villager (Male) |
| 5:11 | Research | Loom |
| 5:35 | Create | Villager (Male) |
| 5:35 | Create | Villager (Male) |
| 5:48 | Create | Villager (Male) |
| 6:04 | Build | House |
| 6:13 | Create | Villager (Male) |
| 6:32 | Create | Villager (Male) |
| 7:38 | Create | Villager (Male) |
| 7:42 | Create | Villager (Male) |
| 7:42 | Create | Villager (Male) |
| 8:11 | Build | Mining Camp |
| 8:28 | Research | Feudal Age |
| 8:47 | Create | Villager (Male) |
| 10:40 | Age | Feudal Age |
| 10:46 | Build | Market |
| 10:47 | Build | Blacksmith |
| 11:00 | Create | Villager (Male) |
| 11:06 | Research | Double-Bit Axe |
| 11:11 | Research | Town Watch |
| 11:35 | Research | Castle Age |
| 13:24 | Research | Horse Collar |
| 14:16 | Create | Villager (Male) |
| 14:16 | Age | Castle Age |
| 14:19 | Build | Town Center |
| 14:23 | Research | Wheelbarrow |
| 14:27 | Build | Mill |
| 14:29 | Build | Town Center |
| 14:34 | Build | House |
| 14:37 | Create | Villager (Male) |
| 14:57 | Research | Bow Saw |
| 15:34 | Build | Farm |
| 15:40 | Build | Farm |
| 15:41 | Create | Villager (Male) |
| 15:41 | Create | Villager (Male) |
| 15:51 | Create | Villager (Male) ×3 |
| 16:04 | Build | Farm |
| 16:08 | Create | Villager (Male) |
| 16:12 | Build | Farm |
| 16:17 | Build | Farm |
| 16:27 | Create | Villager (Male) |
| 16:31 | Build | Farm |
| 16:38 | Build | Farm |
| 16:42 | Build | Farm |
| 16:44 | Create | Villager (Male) |
| 16:55 | Build | Farm |
| 17:03 | Build | Farm |
| 17:04 | Create | Villager (Male) |
| 17:06 | Build | Farm |
| 17:11 | Build | Farm |
| 17:15 | Build | House |
| 17:27 | Create | Villager (Male) |
| 17:28 | Create | Villager (Male) |
| 17:30 | Build | Farm |
| 17:32 | Create | Villager (Male) |
| 17:34 | Build | Farm |
| 17:39 | Create | Villager (Male) |
| 17:54 | Build | Farm |
| 17:58 | Create | Villager (Male) |
| 18:01 | Build | House |
| 18:02 | Create | Villager (Male) |
| 18:04 | Build | Farm |
| 18:05 | Create | Villager (Male) |
| 18:10 | Build | Farm |
| 18:13 | Create | Villager (Male) |
| 18:22 | Build | Farm |
| 18:23 | Create | Villager (Male) |
| 18:26 | Build | Farm |
| 18:31 | Build | House |
| 18:34 | Create | Villager (Male) |
| 18:38 | Create | Villager (Male) |
| 18:45 | Create | Villager (Male) |
| 18:47 | Build | Farm |
| 18:49 | Create | Villager (Male) |
| 18:56 | Build | Farm |
| 19:00 | Build | Farm |
| 19:01 | Create | Villager (Male) |
| 19:02 | Create | Villager (Male) |
| 19:09 | Build | House |
| 19:12 | Build | Farm |
| 19:14 | Create | Villager (Male) |
| 19:14 | Create | Villager (Male) |
| 19:27 | Create | Villager (Male) |
| 19:28 | Create | Villager (Male) |
| 19:31 | Build | Farm |
| 19:31 | Build | Farm |
| 19:45 | Build | Farm |
| 19:47 | Create | Villager (Male) |
| 19:47 | Create | Villager (Male) |
| 19:51 | Build | House |
| 19:52 | Build | House |
| 20:20 | Create | Villager (Male) |
| 20:25 | Create | Villager (Male) |
| 20:31 | Build | Town Center |
| 20:34 | Create | Villager (Male) |
| 20:45 | Build | Monastery |
| 20:48 | Create | Villager (Male) |
| 20:48 | Create | Villager (Male) |
| 20:48 | Create | Villager (Male) |
| 20:49 | Create | Villager (Male) |
| 20:49 | Create | Villager (Male) |
| 20:50 | Create | Villager (Male) |
| 20:52 | Build | House |
| 20:56 | Build | House |
| 21:08 | Create | Villager (Male) |
| 21:08 | Create | Monk |
| 21:18 | Create | Villager (Male) |
| 21:34 | Build | Town Center |
| 21:37 | Create | Villager (Male) |
| 21:37 | Create | Villager (Male) |
| 21:43 | Create | Villager (Male) |
| 21:52 | Create | Villager (Male) |
| 21:52 | Create | Villager (Male) |
| 21:53 | Create | Villager (Male) |
| 21:55 | Build | House |
| 21:56 | Build | House |
| 22:03 | Build | Town Center |
| 22:13 | Create | Villager (Male) |
| 22:13 | Create | Villager (Male) |
| 22:14 | Create | Villager (Male) |
| 22:15 | Research | Heavy Plow |
| 22:34 | Create | Villager (Male) |
| 22:39 | Build | Farm |
| 22:39 | Build | Farm |
| 22:40 | Build | Farm |
| 22:42 | Build | Farm |
| 22:45 | Create | Villager (Male) |
| 22:45 | Create | Villager (Male) |
| 22:45 | Create | Villager (Male) |
| 22:49 | Create | Villager (Male) |
| 22:49 | Create | Villager (Male) |
| 22:53 | Research | Gold Mining |
| 23:02 | Build | Farm |
Build order — Schlumpf
First 150 of 586 actions detected
| 0:02 | Create | Villager (Male) |
| 0:04 | Build | House |
| 0:06 | Build | House |
| 0:08 | Build | House |
| 0:24 | Create | Villager (Male) |
| 0:25 | Create | Villager (Male) |
| 0:51 | Create | Villager (Male) |
| 1:46 | Create | Villager (Male) |
| 1:46 | Create | Villager (Male) |
| 2:17 | Create | Villager (Male) |
| 2:23 | Build | House |
| 2:28 | Create | Villager (Male) |
| 2:58 | Create | Villager (Male) |
| 3:22 | Create | Villager (Male) |
| 3:26 | Research | Loom |
| 3:30 | Create | Villager (Male) |
| 3:35 | Create | Villager (Male) |
| 3:38 | Create | Villager (Male) |
| 4:04 | Create | Villager (Male) |
| 4:21 | Build | Mill |
| 4:27 | Create | Villager (Male) |
| 4:31 | Create | Villager (Male) |
| 5:14 | Create | Villager (Male) |
| 5:15 | Create | Villager (Male) |
| 5:56 | Create | Villager (Male) |
| 6:42 | Build | House |
| 6:47 | Create | Villager (Male) |
| 7:16 | Create | Villager (Male) |
| 7:21 | Create | Villager (Male) |
| 7:32 | Build | House |
| 7:33 | Create | Villager (Male) |
| 7:49 | Create | Villager (Male) |
| 8:38 | Create | Villager (Male) |
| 8:56 | Create | Villager (Male) |
| 9:35 | Create | Villager (Male) |
| 9:50 | Build | Mill |
| 9:54 | Create | Villager (Male) |
| 10:35 | Create | Villager (Male) |
| 10:49 | Build | Lumber Camp |
| 10:55 | Create | Villager (Male) |
| 11:43 | Research | Feudal Age |
| 13:44 | Build | Barracks |
| 13:52 | Create | Villager (Male) |
| 13:52 | Create | Villager (Male) |
| 13:53 | Age | Feudal Age |
| 14:14 | Build | Market |
| 14:49 | Create | Villager (Male) |
| 15:06 | Build | Archery Range |
| 15:16 | Build | Mining Camp |
| 15:26 | Create | Villager (Male) |
| 16:00 | Research | Castle Age |
| 16:08 | Build | Lumber Camp |
| 16:11 | Build | House |
| 16:15 | Build | House |
| 16:17 | Create | Archer |
| 16:50 | Research | Horse Collar |
| 16:53 | Create | Archer |
| 17:04 | Create | Archer |
| 17:11 | Research | Double-Bit Axe |
| 17:26 | Build | Farm |
| 17:30 | Build | Farm |
| 17:40 | Create | Archer |
| 17:52 | Build | Farm |
| 17:55 | Build | Farm |
| 18:00 | Create | Archer |
| 18:15 | Build | Farm |
| 18:18 | Build | Farm |
| 18:23 | Build | Farm |
| 18:27 | Create | Archer |
| 18:33 | Create | Archer |
| 18:40 | Age | Castle Age |
| 18:51 | Build | Town Center |
| 18:57 | Create | Villager (Male) |
| 19:23 | Create | Villager (Male) |
| 19:27 | Research | Town Watch |
| 19:43 | Build | Blacksmith |
| 19:47 | Create | Villager (Male) |
| 19:51 | Build | Farm |
| 19:53 | Build | Farm |
| 19:55 | Create | Villager (Male) |
| 20:07 | Create | Archer ×2 |
| 20:24 | Research | Crossbowman (upgrade) |
| 20:42 | Build | Siege Workshop |
| 20:46 | Create | Archer ×2 |
| 20:47 | Create | Villager (Male) |
| 20:48 | Create | Villager (Male) |
| 20:56 | Build | Farm |
| 20:58 | Build | Farm |
| 20:59 | Create | Villager (Male) |
| 21:09 | Create | Archer |
| 21:14 | Build | Farm |
| 21:18 | Create | Villager (Male) |
| 21:34 | Create | Battering Ram |
| 21:41 | Build | Outpost |
| 21:41 | Create | Villager (Male) |
| 21:43 | Create | Archer |
| 21:44 | Create | Villager (Male) |
| 21:46 | Build | Farm |
| 21:49 | Build | Farm |
| 21:50 | Create | Villager (Male) |
| 21:56 | Build | House |
| 21:57 | Build | House |
| 21:58 | Build | House |
| 21:58 | Build | House |
| 22:04 | Create | Villager (Male) |
| 22:10 | Create | Archer |
| 22:11 | Create | Archer |
| 22:30 | Build | House |
| 23:02 | Create | Mangonel |
| 23:07 | Build | House |
| 23:07 | Create | Villager (Male) |
| 23:09 | Create | Villager (Male) |
| 23:12 | Create | Villager (Male) |
| 23:15 | Create | Villager (Male) |
| 23:16 | Create | Villager (Male) |
| 23:19 | Build | House |
| 23:19 | Build | House |
| 23:20 | Create | Villager (Male) |
| 23:21 | Create | Villager (Male) |
| 23:25 | Build | Farm |
| 23:26 | Build | Farm |
| 23:29 | Create | Villager (Male) |
| 23:36 | Create | Villager (Male) |
| 23:40 | Build | Gate |
| 23:44 | Build | Stone Wall |
| 23:44 | Build | Stone Wall |
| 23:45 | Build | Stone Wall |
| 23:46 | Create | Villager (Male) |
| 23:49 | Create | Villager (Male) |
| 23:51 | Create | Archer |
| 24:03 | Create | Villager (Male) |
| 24:05 | Create | Villager (Male) |
| 24:06 | Create | Villager (Male) |
| 24:07 | Create | Villager (Male) |
| 25:00 | Create | Villager (Male) |
| 25:07 | Build | Town Center |
| 25:09 | Create | Villager (Male) |
| 25:13 | Create | Villager (Male) |
| 25:14 | Create | Villager (Male) |
| 25:22 | Build | Outpost |
| 25:23 | Create | Villager (Male) |
| 25:30 | Create | Villager (Male) |
| 25:32 | Create | Villager (Male) |
| 25:35 | Create | Villager (Male) |
| 25:37 | Create | Archer ×5 |
| 25:37 | Create | Villager (Male) |
| 25:39 | Create | Villager (Male) |
| 25:44 | Create | Villager (Male) |
| 25:46 | Create | Villager (Male) |
| 25:50 | Build | Mining Camp |
Build order — Nici
First 150 of 539 actions detected
| 0:21 | Create | Villager (Male) |
| 0:21 | Create | Villager (Male) |
| 0:21 | Create | Villager (Male) |
| 0:21 | Create | Villager (Male) |
| 0:23 | Build | House |
| 0:53 | Build | House |
| 0:54 | Build | House |
| 2:06 | Create | Villager (Male) |
| 2:29 | Create | Villager (Male) |
| 2:56 | Create | Villager (Male) |
| 3:16 | Create | Villager (Male) |
| 3:16 | Create | Villager (Male) |
| 3:50 | Create | Villager (Male) |
| 4:12 | Create | Villager (Male) |
| 4:48 | Create | Villager (Male) |
| 4:48 | Create | Villager (Male) |
| 4:53 | Build | Mill |
| 5:21 | Build | Lumber Camp |
| 5:57 | Create | Villager (Male) |
| 5:57 | Create | Villager (Male) |
| 5:57 | Create | Villager (Male) |
| 5:58 | Create | Villager (Male) |
| 6:11 | Create | Villager (Male) |
| 6:18 | Build | House |
| 6:19 | Build | House |
| 7:16 | Create | Villager (Male) |
| 7:42 | Create | Villager (Male) |
| 7:43 | Create | Villager (Male) |
| 8:53 | Create | Villager (Male) |
| 9:03 | Build | Mining Camp |
| 9:33 | Research | Feudal Age |
| 10:10 | Create | Villager (Male) |
| 10:10 | Create | Villager (Male) |
| 11:52 | Age | Feudal Age |
| 11:59 | Build | Blacksmith |
| 12:05 | Build | Market |
| 12:18 | Build | Mill |
| 12:52 | Research | Castle Age |
| 13:20 | Research | Horse Collar |
| 13:54 | Research | Double-Bit Axe |
| 13:56 | Create | Villager (Male) |
| 14:11 | Build | House |
| 14:15 | Build | House |
| 14:53 | Create | Villager (Male) |
| 15:32 | Age | Castle Age |
| 15:32 | Research | Bow Saw |
| 15:33 | Research | Heavy Plow |
| 16:01 | Build | Town Center |
| 16:06 | Create | Villager (Male) |
| 16:06 | Create | Villager (Male) |
| 16:09 | Build | Farm |
| 16:09 | Build | Farm |
| 16:09 | Build | Farm |
| 16:31 | Build | Farm |
| 16:31 | Build | Farm |
| 16:32 | Build | Farm |
| 16:47 | Create | Villager (Male) |
| 17:22 | Create | Villager (Male) |
| 17:24 | Create | Villager (Male) |
| 17:49 | Create | Villager (Male) |
| 17:53 | Build | Town Center |
| 17:57 | Create | Villager (Male) |
| 17:57 | Create | Villager (Male) |
| 17:58 | Create | Villager (Male) |
| 17:58 | Create | Villager (Male) |
| 18:28 | Create | Villager (Male) |
| 18:30 | Build | Farm |
| 18:32 | Create | Villager (Male) |
| 18:51 | Create | Villager (Male) |
| 18:52 | Create | Villager (Male) |
| 18:54 | Build | Farm |
| 19:10 | Build | Monastery |
| 19:14 | Build | Farm |
| 19:14 | Build | Farm |
| 19:14 | Build | Farm |
| 19:15 | Build | Farm |
| 19:18 | Build | Farm |
| 19:21 | Build | Farm |
| 19:24 | Create | Villager (Male) |
| 19:24 | Create | Villager (Male) |
| 19:24 | Create | Villager (Male) |
| 19:37 | Create | Villager (Male) |
| 19:38 | Create | Villager (Male) |
| 19:41 | Create | Villager (Male) |
| 19:46 | Build | Farm |
| 19:50 | Build | Farm |
| 20:03 | Build | House |
| 20:15 | Build | House |
| 20:16 | Build | House |
| 20:18 | Build | House |
| 20:21 | Build | Farm |
| 20:22 | Create | Villager (Male) |
| 20:22 | Create | Villager (Male) |
| 20:23 | Create | Villager (Male) |
| 20:26 | Create | Monk |
| 20:26 | Create | Monk |
| 20:29 | Build | Farm |
| 20:30 | Build | Farm |
| 20:34 | Research | Fervor |
| 20:37 | Create | Villager (Male) |
| 20:40 | Build | House |
| 20:41 | Build | House |
| 20:45 | Build | Farm |
| 20:47 | Create | Villager (Male) |
| 20:47 | Create | Villager (Male) |
| 21:08 | Build | Farm |
| 21:10 | Create | Villager (Male) |
| 21:13 | Build | Farm |
| 21:15 | Create | Villager (Male) |
| 21:17 | Research | Loom |
| 21:32 | Build | Town Center |
| 21:38 | Create | Villager (Male) |
| 21:42 | Build | Farm |
| 21:43 | Create | Villager (Male) |
| 21:43 | Create | Villager (Male) |
| 21:54 | Create | Villager (Male) |
| 21:54 | Create | Villager (Male) |
| 21:57 | Build | Farm |
| 22:23 | Create | Villager (Male) |
| 22:24 | Create | Villager (Male) |
| 22:32 | Build | Farm |
| 22:33 | Create | Villager (Male) |
| 22:34 | Create | Villager (Male) |
| 22:34 | Create | Villager (Male) |
| 22:46 | Build | House |
| 22:47 | Build | House |
| 22:48 | Build | House |
| 22:54 | Build | House |
| 22:57 | Build | Farm |
| 22:59 | Create | Villager (Male) |
| 22:59 | Create | Villager (Male) |
| 22:59 | Create | Villager (Male) |
| 23:28 | Build | Mill |
| 23:30 | Build | Farm |
| 23:31 | Create | Villager (Male) |
| 23:31 | Create | Villager (Male) |
| 23:34 | Build | Farm |
| 23:35 | Create | Villager (Male) |
| 23:36 | Create | Villager (Male) |
| 23:43 | Build | Farm |
| 23:45 | Create | Villager (Male) |
| 23:45 | Create | Villager (Male) |
| 23:50 | Create | Villager (Male) |
| 23:51 | Create | Villager (Male) |
| 23:51 | Create | Villager (Male) |
| 24:00 | Create | Villager (Male) |
| 24:00 | Create | Villager (Male) |
| 24:02 | Create | Villager (Male) |
| 24:02 | Create | Villager (Male) |
| 24:05 | Build | Farm |
Build order — PhantomLucker
First 150 of 532 actions detected
| 0:06 | Create | Villager (Male) |
| 0:06 | Create | Villager (Male) |
| 0:07 | Create | Villager (Male) |
| 0:09 | Build | House |
| 0:11 | Build | House |
| 0:15 | Create | Villager (Male) |
| 0:15 | Create | Villager (Male) |
| 1:37 | Create | Villager (Male) |
| 1:55 | Build | Lumber Camp |
| 2:00 | Create | Villager (Male) |
| 2:30 | Create | Villager (Male) |
| 2:40 | Research | Loom |
| 3:05 | Create | Villager (Male) |
| 3:11 | Build | House |
| 3:23 | Create | Villager (Male) |
| 3:39 | Create | Villager (Male) |
| 4:39 | Create | Villager (Male) |
| 4:50 | Create | Villager (Male) |
| 5:21 | Create | Villager (Male) |
| 5:43 | Build | Palisade Gate |
| 5:46 | Build | Palisade Wall |
| 5:48 | Create | Villager (Male) |
| 6:05 | Create | Villager (Male) |
| 6:11 | Create | Villager (Male) |
| 6:19 | Build | House |
| 6:26 | Build | Mill |
| 6:33 | Build | Mill |
| 6:49 | Build | Palisade Wall |
| 7:05 | Create | Villager (Male) |
| 7:30 | Create | Villager (Male) |
| 7:55 | Build | House |
| 7:58 | Create | Villager (Male) |
| 8:23 | Create | Villager (Male) |
| 8:34 | Create | Villager (Male) |
| 9:03 | Research | Feudal Age |
| 9:07 | Build | Mining Camp |
| 10:50 | Create | Villager (Male) |
| 11:21 | Build | Palisade Wall |
| 11:27 | Age | Feudal Age |
| 11:29 | Build | Market |
| 11:34 | Build | Blacksmith |
| 11:39 | Create | Villager (Male) |
| 12:23 | Research | Castle Age |
| 12:46 | Build | House |
| 13:12 | Research | Double-Bit Axe |
| 13:22 | Build | Farm |
| 13:27 | Build | Farm |
| 13:50 | Build | House |
| 14:18 | Build | Farm |
| 15:03 | Age | Castle Age |
| 15:05 | Build | Town Center |
| 15:11 | Build | House |
| 15:12 | Create | Villager (Male) |
| 15:12 | Create | Villager (Male) |
| 15:28 | Create | Villager (Male) |
| 15:29 | Create | Villager (Male) |
| 15:51 | Build | Town Center |
| 16:01 | Build | House |
| 16:02 | Create | Villager (Male) |
| 16:03 | Create | Villager (Male) |
| 16:29 | Create | Villager (Male) |
| 16:30 | Create | Villager (Male) |
| 16:36 | Build | Farm |
| 16:39 | Research | Bow Saw |
| 16:47 | Build | Farm |
| 16:54 | Build | House |
| 17:02 | Create | Villager (Male) |
| 17:11 | Create | Villager (Male) |
| 17:17 | Build | Farm |
| 17:21 | Create | Villager (Male) |
| 17:22 | Create | Villager (Male) |
| 17:26 | Build | Farm |
| 17:30 | Build | House |
| 17:32 | Create | Villager (Male) |
| 17:32 | Create | Villager (Male) |
| 17:40 | Create | Villager (Male) |
| 17:40 | Create | Villager (Male) |
| 17:46 | Build | Farm |
| 17:47 | Build | Farm |
| 17:48 | Create | Villager (Male) |
| 17:52 | Build | Farm |
| 17:52 | Build | Farm |
| 17:54 | Create | Villager (Male) |
| 18:00 | Build | Monastery |
| 18:09 | Build | House |
| 18:10 | Build | House |
| 18:21 | Build | Farm |
| 18:26 | Create | Villager (Male) |
| 18:27 | Create | Villager (Male) |
| 18:34 | Build | Farm |
| 18:34 | Build | Farm |
| 18:48 | Create | Villager (Male) |
| 18:56 | Create | Monk |
| 19:01 | Build | Farm |
| 19:03 | Build | Farm |
| 19:05 | Create | Villager (Male) |
| 19:05 | Create | Villager (Male) |
| 19:12 | Create | Villager (Male) |
| 19:13 | Create | Villager (Male) |
| 19:19 | Build | House |
| 19:20 | Build | House |
| 19:21 | Build | House |
| 19:23 | Create | Villager (Male) |
| 19:24 | Create | Villager (Male) |
| 19:26 | Build | Farm |
| 19:26 | Build | Farm |
| 19:27 | Build | Farm |
| 19:29 | Create | Villager (Male) |
| 19:29 | Create | Villager (Male) |
| 19:38 | Build | House |
| 19:39 | Create | Villager (Male) |
| 20:00 | Create | Villager (Male) |
| 20:02 | Create | Villager (Male) |
| 20:08 | Create | Villager (Male) |
| 20:13 | Build | Town Center |
| 20:16 | Create | Villager (Male) |
| 20:29 | Create | Villager (Male) |
| 20:29 | Create | Villager (Male) |
| 20:39 | Create | Villager (Male) |
| 20:40 | Create | Villager (Male) |
| 20:48 | Create | Villager (Male) |
| 20:49 | Create | Villager (Male) |
| 21:06 | Build | Stone Wall |
| 21:07 | Create | Villager (Male) |
| 21:08 | Create | Villager (Male) |
| 21:08 | Create | Villager (Male) |
| 21:13 | Build | Mill |
| 21:14 | Build | Farm |
| 21:14 | Build | Farm |
| 21:15 | Build | Farm |
| 21:15 | Build | Farm |
| 21:24 | Build | Stone Wall |
| 21:25 | Create | Villager (Male) |
| 21:32 | Build | Farm |
| 21:34 | Create | Villager (Male) |
| 21:39 | Create | Villager (Male) |
| 21:45 | Build | Lumber Camp |
| 21:46 | Create | Villager (Male) |
| 21:59 | Create | Villager (Male) |
| 22:05 | Build | Farm |
| 22:06 | Build | Farm |
| 22:06 | Build | Farm |
| 22:06 | Build | Farm |
| 22:07 | Build | Farm |
| 22:07 | Build | Farm |
| 22:08 | Build | Farm |
| 22:09 | Create | Villager (Male) |
| 22:10 | Create | Villager (Male) |
| 22:16 | Build | Mill |
| 22:18 | Build | Farm |
Build order — DIOGENES
First 150 of 611 actions detected
| 0:03 | Create | Villager (Male) |
| 0:03 | Research | Loom |
| 0:04 | Create | Villager (Male) |
| 0:04 | Create | Villager (Male) |
| 0:04 | Create | Villager (Male) |
| 0:12 | Build | House |
| 0:13 | Build | House |
| 0:29 | Build | Palisade Wall |
| 1:22 | Build | House |
| 1:23 | Build | House |
| 2:39 | Create | Villager (Male) |
| 2:47 | Create | Villager (Male) |
| 3:32 | Create | Villager (Male) |
| 3:56 | Build | Lumber Camp |
| 4:00 | Create | Villager (Male) |
| 4:00 | Create | Villager (Male) |
| 4:00 | Create | Villager (Male) |
| 4:43 | Create | Villager (Male) |
| 5:07 | Create | Villager (Male) |
| 5:08 | Create | Villager (Male) |
| 5:42 | Create | Villager (Male) |
| 5:51 | Create | Villager (Male) |
| 6:24 | Create | Villager (Male) |
| 6:25 | Create | Villager (Male) |
| 6:56 | Create | Villager (Male) |
| 7:09 | Build | Mill |
| 7:23 | Create | Villager (Male) |
| 7:23 | Create | Villager (Male) |
| 7:48 | Build | Farm |
| 7:52 | Create | Villager (Male) |
| 8:37 | Build | House |
| 8:40 | Create | Villager (Male) |
| 9:06 | Research | Feudal Age |
| 9:21 | Build | House |
| 9:58 | Build | Farm |
| 10:20 | Build | House |
| 10:23 | Build | House |
| 10:24 | Build | House |
| 10:31 | Create | Villager (Male) |
| 10:31 | Create | Villager (Male) |
| 10:31 | Create | Villager (Male) |
| 10:31 | Create | Villager (Male) |
| 11:02 | Build | Farm |
| 11:06 | Build | Farm |
| 11:16 | Build | Farm |
| 11:16 | Age | Feudal Age |
| 11:27 | Research | Double-Bit Axe |
| 11:48 | Build | Farm |
| 11:59 | Build | Farm |
| 12:09 | Create | Villager (Male) |
| 12:09 | Create | Villager (Male) |
| 12:09 | Create | Villager (Male) |
| 12:14 | Build | Farm |
| 12:43 | Build | Mining Camp |
| 12:57 | Build | Stone Wall |
| 13:05 | Build | Farm |
| 13:16 | Create | Villager (Male) |
| 13:16 | Create | Villager (Male) |
| 13:52 | Build | Farm |
| 14:31 | Build | Market |
| 14:42 | Build | Stone Wall |
| 14:52 | Build | Gate |
| 15:04 | Create | Villager (Male) |
| 15:04 | Create | Villager (Male) |
| 15:04 | Create | Villager (Male) |
| 15:12 | Build | Blacksmith |
| 15:34 | Build | Farm |
| 16:05 | Build | Farm |
| 16:13 | Create | Villager (Male) |
| 16:24 | Build | Mining Camp |
| 16:35 | Create | Villager (Male) |
| 16:35 | Create | Villager (Male) |
| 16:35 | Create | Villager (Male) |
| 16:53 | Build | Barracks |
| 17:15 | Build | Farm |
| 17:27 | Research | Horse Collar |
| 17:43 | Create | Villager (Male) |
| 17:51 | Build | Farm |
| 18:01 | Build | Archery Range |
| 18:10 | Build | Farm |
| 18:14 | Create | Villager (Male) |
| 18:36 | Research | Castle Age |
| 18:43 | Build | Mining Camp |
| 19:28 | Build | Stone Wall |
| 19:35 | Build | Gate |
| 19:45 | Create | Villager (Male) |
| 19:45 | Create | Villager (Male) |
| 19:45 | Create | Villager (Male) |
| 19:46 | Create | Villager (Male) |
| 19:46 | Create | Villager (Male) |
| 19:55 | Build | House |
| 19:56 | Build | House |
| 19:57 | Build | House |
| 19:59 | Build | House |
| 20:00 | Build | House |
| 20:02 | Build | House |
| 20:03 | Build | House |
| 21:29 | Age | Castle Age |
| 21:34 | Build | Town Center |
| 22:25 | Create | Villager (Male) |
| 22:25 | Create | Villager (Male) |
| 22:25 | Create | Villager (Male) |
| 22:26 | Create | Villager (Male) |
| 22:26 | Create | Villager (Male) |
| 22:26 | Create | Villager (Male) |
| 22:26 | Create | Villager (Male) |
| 22:26 | Create | Villager (Male) |
| 22:27 | Create | Villager (Male) |
| 22:27 | Create | Villager (Male) |
| 22:27 | Create | Villager (Male) |
| 22:34 | Create | Villager (Male) |
| 22:34 | Create | Villager (Male) |
| 22:35 | Create | Villager (Male) |
| 22:48 | Research | Wheelbarrow |
| 23:00 | Create | Villager (Male) |
| 23:00 | Create | Villager (Male) |
| 23:01 | Create | Villager (Male) |
| 23:11 | Build | Monastery |
| 23:22 | Research | Wheelbarrow |
| 23:24 | Create | Villager (Male) |
| 23:24 | Create | Villager (Male) |
| 23:25 | Create | Villager (Male) |
| 23:25 | Create | Villager (Male) |
| 23:25 | Create | Villager (Male) |
| 23:26 | Create | Villager (Male) |
| 23:26 | Create | Villager (Male) |
| 23:26 | Create | Villager (Male) |
| 23:27 | Create | Villager (Male) |
| 23:34 | Research | Bow Saw |
| 23:43 | Build | House |
| 23:45 | Build | House |
| 23:52 | Create | Monk |
| 23:53 | Create | Monk |
| 24:24 | Build | Siege Workshop |
| 24:29 | Create | Villager (Male) |
| 24:29 | Create | Villager (Male) |
| 24:31 | Create | Villager (Male) |
| 24:32 | Create | Villager (Male) |
| 25:04 | Build | House |
| 25:05 | Build | House |
| 25:07 | Build | House |
| 25:08 | Build | House |
| 25:09 | Build | House |
| 25:10 | Build | House |
| 25:25 | Build | Farm |
| 25:26 | Build | Farm |
| 25:28 | Build | Farm |
| 25:29 | Build | Farm |
| 25:30 | Build | Farm |
| 25:56 | Research | Imperial Age |
Build order — Jorma Teräs
First 150 of 467 actions detected
| 0:02 | Build | House |
| 0:04 | Build | House |
| 0:04 | Create | Villager (Male) |
| 0:04 | Create | Villager (Male) |
| 0:04 | Create | Villager (Male) |
| 0:05 | Create | Villager (Male) |
| 0:59 | Research | Loom |
| 0:59 | Create | Villager (Male) |
| 1:46 | Build | Palisade Wall |
| 1:50 | Create | Villager (Male) |
| 2:30 | Create | Villager (Male) |
| 2:45 | Build | Palisade Wall |
| 2:58 | Create | Villager (Male) |
| 2:58 | Create | Villager (Male) |
| 3:15 | Build | Mule Cart |
| 3:56 | Build | Palisade Wall |
| 4:07 | Build | Palisade Wall |
| 4:09 | Build | Palisade Wall |
| 4:25 | Create | Villager (Male) |
| 4:25 | Create | Villager (Male) |
| 4:25 | Create | Villager (Male) |
| 4:55 | Create | Villager (Male) |
| 4:55 | Create | Villager (Male) |
| 4:56 | Build | House |
| 5:16 | Build | Palisade Wall |
| 5:27 | Build | Palisade Wall |
| 5:30 | Build | Palisade Wall |
| 5:35 | Build | Palisade Wall |
| 5:43 | Build | Palisade Wall |
| 5:58 | Build | House |
| 6:28 | Create | Villager (Male) |
| 6:28 | Create | Villager (Male) |
| 6:28 | Create | Villager (Male) |
| 6:33 | Create | Villager (Male) |
| 7:05 | Build | Mule Cart |
| 7:29 | Build | Palisade Wall |
| 7:42 | Create | Villager (Male) |
| 8:11 | Create | Villager (Male) |
| 8:38 | Build | Mill |
| 8:55 | Build | House |
| 9:06 | Build | Farm |
| 9:07 | Build | Farm |
| 9:14 | Create | Villager (Male) |
| 9:14 | Create | Villager (Male) |
| 9:14 | Create | Villager (Male) |
| 9:31 | Create | Villager (Male) |
| 9:31 | Create | Villager (Male) |
| 9:50 | Build | Farm |
| 10:30 | Build | Mill |
| 11:02 | Research | Feudal Age |
| 11:06 | Create | Villager (Male) |
| 11:07 | Research | Feudal Age |
| 13:54 | Age | Feudal Age |
| 14:05 | Build | Market |
| 14:07 | Build | Blacksmith |
| 14:14 | Create | Villager (Male) |
| 14:14 | Create | Villager (Male) |
| 14:15 | Create | Villager (Male) |
| 14:47 | Research | Double-Bit Axe |
| 14:59 | Research | Horse Collar |
| 15:15 | Research | Castle Age |
| 15:30 | Build | Mule Cart |
| 15:34 | Build | Farm |
| 15:44 | Build | Mule Cart |
| 16:23 | Build | Stone Wall |
| 17:06 | Build | Farm |
| 17:06 | Build | Farm |
| 17:06 | Build | Farm |
| 17:06 | Build | Farm |
| 17:31 | Create | Villager (Male) |
| 18:09 | Age | Castle Age |
| 18:14 | Build | House |
| 18:16 | Build | House |
| 18:40 | Research | Bow Saw |
| 18:48 | Build | Monastery |
| 19:03 | Create | Villager (Male) |
| 19:03 | Create | Villager (Male) |
| 19:09 | Build | Town Center |
| 19:29 | Build | Market |
| 19:39 | Create | Villager (Male) |
| 19:45 | Research | Wheelbarrow |
| 19:55 | Build | Stone Wall |
| 20:01 | Create | Monk |
| 20:21 | Create | Villager (Male) |
| 20:51 | Build | Siege Workshop |
| 20:54 | Create | Villager (Male) |
| 20:55 | Create | Villager (Male) |
| 20:55 | Create | Villager (Male) |
| 21:37 | Create | Villager (Male) |
| 21:37 | Create | Villager (Male) |
| 21:41 | Build | Farm |
| 21:43 | Build | Farm |
| 21:43 | Build | Farm |
| 21:43 | Build | Farm |
| 21:48 | Build | Farm |
| 21:50 | Build | Farm |
| 21:55 | Create | Villager (Male) |
| 21:55 | Create | Villager (Male) |
| 21:55 | Create | Villager (Male) |
| 21:58 | Create | Mangonel |
| 22:28 | Create | Villager (Male) |
| 22:29 | Create | Villager (Male) |
| 22:29 | Create | Villager (Male) |
| 22:29 | Create | Villager (Male) |
| 23:04 | Create | Villager (Male) |
| 23:04 | Create | Villager (Male) |
| 23:05 | Create | Villager (Male) |
| 23:17 | Build | Town Center |
| 23:26 | Build | Town Center |
| 24:00 | Build | Town Center |
| 24:10 | Build | House |
| 24:11 | Build | House |
| 24:12 | Build | House |
| 24:17 | Research | Gold Mining |
| 25:08 | Create | Villager (Male) |
| 25:08 | Create | Villager (Male) |
| 25:08 | Create | Villager (Male) |
| 25:08 | Create | Villager (Male) |
| 25:09 | Create | Villager (Male) |
| 25:09 | Create | Villager (Male) |
| 25:42 | Build | Farm |
| 25:42 | Build | Farm |
| 25:43 | Build | Farm |
| 25:43 | Build | Farm |
| 25:43 | Build | Farm |
| 25:46 | Create | Villager (Male) |
| 25:46 | Create | Villager (Male) |
| 25:46 | Create | Villager (Male) |
| 25:46 | Create | Villager (Male) |
| 25:47 | Create | Villager (Male) |
| 25:47 | Create | Villager (Male) |
| 25:47 | Create | Villager (Male) |
| 25:47 | Create | Villager (Male) |
| 25:52 | Build | Farm |
| 25:52 | Build | Farm |
| 25:52 | Build | Farm |
| 25:53 | Build | Farm |
| 26:04 | Create | Villager (Male) |
| 26:04 | Create | Villager (Male) |
| 26:04 | Create | Villager (Male) |
| 26:05 | Create | Villager (Male) |
| 26:05 | Create | Villager (Male) |
| 26:22 | Build | Farm |
| 26:22 | Build | Farm |
| 26:22 | Build | Farm |
| 26:22 | Build | Farm |
| 26:55 | Create | Villager (Male) |
| 26:55 | Create | Villager (Male) |
| 26:55 | Create | Villager (Male) |
| 27:07 | Build | Farm |
Match timeline
| 0:29 | DIOGENES · wall_segment Palisade Wall x10 |
| 1:46 | Jorma Teräs · wall_segment Palisade Wall x8 |
| 2:45 | Jorma Teräs · wall_segment Palisade Wall x9 |
| 3:56 | Jorma Teräs · wall_segment Palisade Wall x9 |
| 4:07 | Jorma Teräs · wall_segment Palisade Wall x1 |
| 4:09 | Jorma Teräs · wall_segment Palisade Wall x1 |
| 5:16 | Jorma Teräs · wall_segment Palisade Wall x8 |
| 5:27 | Jorma Teräs · wall_segment Palisade Wall x1 |
| 5:30 | Jorma Teräs · wall_segment Palisade Wall x1 |
| 5:35 | Jorma Teräs · wall_segment Palisade Wall x1 |
| 5:43 | Jorma Teräs · wall_segment Palisade Wall x1 |
| 5:46 | PhantomLucker · wall_segment Palisade Wall x1 |
| 6:49 | PhantomLucker · wall_segment Palisade Wall x2 |
| 7:29 | Jorma Teräs · wall_segment Palisade Wall x8 |
| 10:40 | 2faced · age_up feudal |
| 11:16 | DIOGENES · age_up feudal |
| 11:21 | PhantomLucker · wall_segment Palisade Wall x7 |
| 11:27 | PhantomLucker · age_up feudal |
| 11:52 | Nici · age_up feudal |
| 12:22 | PhantomLucker · first_market_sell 100 wood |
| 12:57 | DIOGENES · wall_segment Stone Wall x9 |
| 13:44 | Schlumpf · first_building Barracks |
| 13:53 | Schlumpf · age_up feudal |
| 13:54 | Jorma Teräs · age_up feudal |
| 14:16 | 2faced · age_up castle |
| 14:42 | DIOGENES · wall_segment Stone Wall x8 |
| 14:53 | Schlumpf · first_market_buy 100 wood |
| 15:03 | PhantomLucker · age_up castle |
| 15:06 | Schlumpf · first_building Archery Range |
| 15:13 | Jorma Teräs · first_market_sell 100 wood |
| 15:32 | Nici · age_up castle |
| 15:51 | Schlumpf · first_market_sell 100 food |
| 16:23 | Jorma Teräs · wall_segment Stone Wall x9 |
| 16:53 | DIOGENES · first_building Barracks |
| 18:00 | PhantomLucker · first_building Monastery |
| 18:01 | DIOGENES · first_building Archery Range |
| 18:09 | Jorma Teräs · age_up castle |
| 18:40 | Schlumpf · age_up castle |
| 18:48 | Jorma Teräs · first_building Monastery |
| 19:10 | Nici · first_building Monastery |
| 19:26 | 2faced · first_market_buy 100 stone |
| 19:28 | DIOGENES · wall_segment Stone Wall x32 |
| 19:31 | Nici · first_market_buy 100 food |
| 19:55 | Jorma Teräs · wall_segment Stone Wall x9 |
| 20:42 | Schlumpf · first_building Siege Workshop |
| 20:45 | 2faced · first_building Monastery |
| 20:51 | Jorma Teräs · first_building Siege Workshop |
| 21:06 | PhantomLucker · wall_segment Stone Wall x7 |
| 21:15 | 2faced · first_market_sell 100 food |
| 21:24 | PhantomLucker · wall_segment Stone Wall x7 |
| 21:29 | DIOGENES · age_up castle |
| 23:11 | Jorma Teräs · first_market_buy 100 stone |
| 23:11 | DIOGENES · first_building Monastery |
| 23:39 | PhantomLucker · first_building Barracks |
| 23:44 | Schlumpf · wall_segment Stone Wall x1 |
| 23:44 | Schlumpf · wall_segment Stone Wall x1 |
| 23:45 | Schlumpf · wall_segment Stone Wall x1 |
| 24:11 | PhantomLucker · wall_segment Stone Wall x8 |
| 24:24 | DIOGENES · first_building Siege Workshop |
| 24:37 | Nici · first_building Barracks |
| 24:44 | PhantomLucker · first_building Stable |
| 26:07 | PhantomLucker · wall_segment Stone Wall x8 |
| 28:01 | Schlumpf · wall_segment Stone Wall x11 |
| 28:50 | Nici · first_building Castle |
| 29:07 | PhantomLucker · first_building Siege Workshop |
| 29:11 | 2faced · first_building Castle |
| 29:16 | Nici · wall_segment Stone Wall x6 |
| 29:30 | PhantomLucker · first_building Archery Range |
| 29:47 | Nici · wall_segment Stone Wall x14 |
| 29:48 | DIOGENES · age_up imperial |
| 30:10 | PhantomLucker · first_building Castle |
| 30:14 | 2faced · first_building Barracks |
| 30:24 | Jorma Teräs · first_building Barracks |
| 30:25 | 2faced · first_building Siege Workshop |
| 30:50 | Schlumpf · wall_segment Stone Wall x7 |
| 31:05 | PhantomLucker · age_up imperial |
| 31:47 | DIOGENES · first_building Castle |
| 31:50 | 2faced · age_up imperial |
| 32:11 | Nici · age_up imperial |
| 32:26 | Nici · first_building Krepost |
| 32:34 | Jorma Teräs · age_up imperial |
| 32:39 | Nici · wall_segment Stone Wall x1 |
| 33:44 | Schlumpf · wall_segment Stone Wall x7 |
| 35:46 | Nici · first_building Stable |
| 36:03 | Schlumpf · age_up imperial |
| 36:17 | Schlumpf · first_building Castle |
| 36:20 | PhantomLucker · wall_segment Stone Wall x7 |
| 36:30 | Nici · wall_segment Stone Wall x1 |
| 36:31 | Nici · wall_segment Stone Wall x1 |
| 36:32 | Nici · wall_segment Stone Wall x1 |
| 37:07 | PhantomLucker · wall_segment Stone Wall x6 |
| 37:39 | DIOGENES · wall_segment Stone Wall x16 |
| 37:51 | Schlumpf · wall_segment Stone Wall x1 |
| 37:56 | PhantomLucker · wall_segment Stone Wall x7 |
| 38:52 | PhantomLucker · wall_segment Stone Wall x4 |
| 39:30 | Nici · first_market_sell 500 wood |
| 41:01 | Jorma Teräs · first_building Castle |
| 41:29 | 2faced · first_building Stable |
| 41:31 | Schlumpf · wall_segment Stone Wall x8 |
| 41:36 | Schlumpf · wall_segment Stone Wall x3 |
| 41:37 | Jorma Teräs · first_building Archery Range |
| 41:38 | Schlumpf · wall_segment Stone Wall x8 |
| 41:47 | Nici · tribute_sent a jugador 1 |
| 41:47 | Nici · tribute_sent a jugador 3 |
| 41:47 | Nici · tribute_sent a jugador 4 |
| 41:47 | Nici · tribute_sent a jugador 5 |
| 41:47 | Nici · tribute_sent a jugador 6 |
| 44:24 | PhantomLucker · wall_segment Stone Wall x1 |
| 44:46 | PhantomLucker · wall_segment Stone Wall x2 |
| 45:06 | PhantomLucker · wall_segment Stone Wall x6 |
| 48:22 | Nici · tribute_sent a jugador 1 |
| 48:22 | Nici · tribute_sent a jugador 3 |
| 48:22 | Nici · tribute_sent a jugador 4 |
| 48:22 | Nici · tribute_sent a jugador 5 |
| 48:22 | Nici · tribute_sent a jugador 6 |
| 59:31 | Schlumpf · tribute_sent a jugador 2 |
| 59:31 | Schlumpf · tribute_sent a jugador 3 |
| 59:31 | Schlumpf · tribute_sent a jugador 4 |
| 59:31 | Schlumpf · tribute_sent a jugador 5 |
| 59:31 | Schlumpf · tribute_sent a jugador 6 |
| 60:16 | Jorma Teräs · resign |
[ AI ANALYSIS · 1 CREDIT ]
What really happened in this match?
Wolo.gg analyzes every decision: build order, eco, micro, common mistakes by bracket. Personalized analysis on WhatsApp or Discord in 30 seconds.
Civ guide
Goths
Map guide
Black Forest
Perfil
Jugador #521249